 Dungeon Crawl Stone Soup version 0.31.0-11-ge490571c62 (webtiles) character file.

Game seed: 12092735799698607114

47 FilipinaBountyHunter the Charlatan (level 3, -1/26 HPs)
             Began as a Human Artificer on Jan 29, 2024.
             Slain by an orc wizard
             ... wielding a +2 dagger of electrocution
              (8 damage)
             ... on level 3 of the Dungeon.
             The game lasted 00:07:01 (971 turns).

FilipinaBountyHunter the Charlatan (Human Artificer) Turns: 971, Time: 00:07:01

Health: -1/26      AC:  3    Str: 18    XL:     3   Next: 70%
Magic:  3/3        EV: 11    Int: 13    God:
Gold:   21         SH:  0    Dex: 18    Spells: 2/2 levels left

rFire   . . .        j - +0 dagger
rCold   . . .        (no shield)
rNeg    . . .        o - +0 leather armour of Duck's Teeth {rPois Dex+5}
rPois   +            (no helmet)
rElec   .            (no cloak)
rCorr   .            (no gloves)
SInv    .            (no boots)
Will    .....        (no amulet)
Stlth   ++           g - +6 ring of strength
HPRegen 0.24/turn    (no ring)
MPRegen 0.08/turn

%: no passive effects
@: no status effects
A: explore regen
a: no special abilities


You were on level 3 of the Dungeon.
You visited 1 branch of the dungeon, and saw 3 of its levels.

You collected 77 gold pieces.
You spent 56 gold pieces at shops.

Inventory:

Hand Weapons
 a - a +0 club
 j - a +0 dagger (weapon)
Missiles
 m - 3 poisoned darts (quivered)
Armour
 b - a +0 leather armour
 o - the +0 leather armour of Duck's Teeth (worn) {rPois Dex+5}
   (You found it on level 2 of the Dungeon)

   Dex+5:     It affects your dexterity (+5).
   rPois:     It protects you from poison
Jewellery
 g - a +6 ring of strength (left hand)
Wands
 c - a wand of flame (10)
 d - a wand of charming (12)
 e - a wand of iceblast (4)
Scrolls
 i - a scroll of immolation
Potions
 f - a potion of degeneration {unknown}
 h - a potion of ambrosia {unknown}
 k - a potion of lignification
 l - a potion of brilliance {unknown}
 n - a potion of resistance {unknown}


   Skills:
 * Level 1.4 Fighting
 * Level 0.6 Short Blades
 * Level 0.2 Throwing
 * Level 2.4 Armour
 * Level 1.2 Dodging
 * Level 1.3 Stealth
 * Level 3.7 Evocations


You had 2 spell levels left.
You didn't know any spells.
Your spell library was empty.

Dungeon Overview and Level Annotations

Branches:
Dungeon (3/15)

Altars:

Shops:
D:3 ?


Innate Abilities, Weirdness & Mutations

You regain HP and MP as you explore.


Message History

The puff of flame hits you.
A ball python comes into view.
Your orc wizard resists with some effort.
Your orc wizard appears confused.
Your orc wizard seems less confused.
You hear some strange, mumbled words.
Your orc wizard appears confused.
Your orc wizard appears confused.
Found Boureb's Magic Scroll Boutique.
An orc wizard appears from thin air!
Reactivating autopickup.
Your orc wizard barely misses the orc wizard.
The orc wizard hits your orc wizard with a +2 dagger of electrocution.
There is an entrance to Boureb's Magic Scroll Boutique here.
i - a scroll of immolation Thank you for shopping at Boureb's Magic Scroll Boutique!
The orc wizard shouts!
You hit the orc wizard but do no damage.
The orc wizard is lightly wounded.
The orc wizard misses you.
Aiming: Iceblast
Press: ? - help, Shift-Dir - straight line, f/p - orc wizard
Aim: an orc wizard, wielding a +2 dagger of electrocution and wearing a +0 robe (lightly wounded)
Okay, then.
Aiming: Throw Flame
Press: ? - help, Shift-Dir - straight line, f/p - orc wizard
Aim: an orc wizard, wielding a +2 dagger of electrocution and wearing a +0 robe (lightly wounded, 64% to hit)
The puff of flame hits the orc wizard.
The orc wizard is heavily wounded.
The orc wizard casts a spell at you. You resist with significant effort.
You hit the orc wizard.
The orc wizard is heavily wounded.
The orc wizard hits you with a +2 dagger of electrocution.
You are electrocuted!
You hit the orc wizard but do no damage.
The orc wizard is heavily wounded.
The orc wizard hits you with a +2 dagger of electrocution.
* * * LOW HITPOINT WARNING * * *
You are electrocuted!
You die...

#.##. #...##........#
....######.####.......##
##.#.........####.......#
#......#####.....#..###.#
...(..)..).......#..# ..#
##.....(#######....## .##
#......#..oo.#....#
##.?.<..#o###.#....#
........#@.∩#.#...####S#
##......#####.#.........
#...###.......#.....##..
#.^# #.#######.....#
#....{........#
####.......#### #########


You could see an orc wizard.

Vanquished Creatures
  2 adders
  A dart slug (D:2)
  An orc (D:3)
  4 bats
  2 endoplasms
  2 goblins
  A kobold (D:3)
  A quokka (D:1)
  6 ball pythons
  2 frilled lizards
  5 rats
27 creatures vanquished.

Vanquished Creatures (others)
  An orc wizard (D:3)
  An adder (D:2)
2 creatures vanquished.

Grand Total: 29 creatures vanquished

Notes
Turn   | Place    | Note
-------+----------+-------------------------------------------
     0 | D:1      | FilipinaBountyHunter the Human Artificer began the quest
                  | for the Orb.
     0 | D:1      | Reached XP level 1. HP: 15/15 MP: 1/1
   260 | D:1      | Reached XP level 2. HP: 18/21 MP: 2/2
   683 | D:2      | Reached XP level 3. HP: 26/26 MP: 3/3
   701 | D:2      | Identified the +0 leather armour of Duck's Teeth {rPois
                  | Dex+5}
   962 | D:3      | Found Boureb's Magic Scroll Boutique.
   966 | D:3      | Bought a scroll of immolation for 56 gold pieces
   971 | D:3      | Slain by an orc wizard

Illustrated notes

Levels and vault maps discovered:
D:1:      dpeg_arrival_boxes_within_box, layout_loops_ring,
          dreamdust_ecumenical_altar_grove, chequers_serial_rivers_small_3
D:2:      layout_loops_cross, uniq_jessica
D:3:      minmay_roachtagon, layout_rooms, mainiacjoe_overflow_surrounded_room,
          serial_shops, nicolae_shop_rolled_up, minivault_14,
          kennysheep_generic_room_2

Action                     || total
---------------------------++-------
  Melee: Club              ||    29
         Punch             ||     3
         Dagger            ||    53
  Throw: Dart              ||    12
  Evoke: Wand              ||     9
    Use: Scroll            ||     4
         Potion            ||     1
 Armour: Leather armour    ||    43
         Skin              ||     2
  Dodge: Dodged            ||    48
